 Dungeon Crawl Stone Soup version 0.27-a0-679-g77a6b55cf3 (webtiles) character file.

Game seed: 8728554467327919897

78498 rjrrt the Executioner (level 15, -17/130 HPs)
             Began as a Minotaur Berserker on Mar 18, 2021.
             Was a High Priest of Trog.
             Demolished by Agnes
             ... wielding a +2 lajatang of speed
              (22 damage)
             ... on level 1 of the Elven Halls.
             The game lasted 01:04:32 (28277 turns).

rjrrt the Executioner (Minotaur Berserker)         Turns: 28277, Time: 01:04:33

Health: -17/130    AC: 25    Str: 27    XL:     15   Next: 18%
Magic:  4/4        EV: 17    Int:  4    God:    Trog [*****.]
Gold:   555        SH:  0    Dex: 17    Spells: 14/14 levels left

rFire    . . .     SeeInvis +   a - +7 executioner's axe of Battle {antimagic, rElec Dex+2}
rCold    + . .     Faith    .   (shield currently unavailable)
rNeg     . . .     Spirit   .   z - +0 plate armour
rPois    .         Reflect  .   c - +2 hat
rElec    +         Harm     .   L - +0 cloak
rCorr    .         Rampage  .   B - +2 pair of gloves {archery}
Will     +....                  J - +2 pair of boots
Stlth    ..........             H - amulet of regeneration
HPRegen  1.31/turn              N - ring of see invisible
MPRegen  0.09/turn              T - ring of Xymaa {rC+ EV+4 Dex+4}

@: slowed, very slow
A: horns 2, retaliatory headbutt
a: Renounce Religion, Berserk, Trog's Hand, Brothers in Arms


You were on level 1 of the Elven Halls.
You worshipped Trog.
Trog was extremely pleased with you.
You visited 4 branches of the dungeon, and saw 22 of its levels.
You also visited: Gauntlet.

You collected 2757 gold pieces.
You spent 2202 gold pieces at shops.

Inventory:

Hand Weapons
 a - the +7 executioner's axe of Battle (weapon) {antimagic, rElec Dex+2}
   (You acquired it on level 6 of the Lair of Beasts)

   It reduces the magical energy of the wielder, and disrupts the spells and
   magical abilities of those hit.
   Natural abilities and divine invocations are not affected.
   It affects your dexterity (+2).
   It insulates you from electricity.
 b - a +1 spear of venom
 f - a +3 battleaxe of flaming
 M - a +4 vorpal executioner's axe
Missiles
 G - 16 silver javelins (quivered)
Armour
 c - a +2 hat (worn)
 z - a +0 plate armour (worn)
 B - a +2 pair of gloves of archery (worn)
 J - a +2 pair of boots (worn)
 L - a +0 cloak (worn)
Jewellery
 H - an amulet of regeneration (around neck)
 K - a ring of poison resistance
 N - a ring of see invisible (right hand)
 T - the ring of Xymaa (left hand) {rC+ EV+4 Dex+4}
   (You bought it in a shop on level 2 of the Orcish Mines)

   [ring of evasion]

   It affects your evasion (+4).
   It affects your dexterity (+4).
   It protects you from cold.
Wands
 i - a wand of iceblast (16)
 p - a wand of charming (16)
 t - a wand of acid (27)
 v - a wand of mindburst (41)
 w - a wand of polymorph (30)
 y - a wand of paralysis (15)
 I - a wand of digging (9)
Scrolls
 e - a scroll of summoning
 g - a scroll of brand weapon {unknown}
 h - 7 scrolls of teleportation
 j - 3 scrolls of fog
 m - 9 scrolls of enchant armour
 q - 2 scrolls of identify
 u - 2 scrolls of blinking
 x - 3 scrolls of fear
 Q - 4 scrolls of enchant weapon
 S - a scroll of silence
Potions
 l - 6 potions of heal wounds
 n - 2 potions of haste
 o - 2 potions of mutation
 r - 2 potions of attraction
 s - 4 potions of flight
 C - 3 potions of resistance
 F - a potion of invisibility
 O - 3 potions of lignification
 P - a potion of ambrosia
 R - 3 potions of curing
Miscellaneous
 D - a tin of tremorstones (2/2)
 E - a box of beasts


   Skills:
 - Level 11.6 Fighting
 * Level 22.7 Axes
 - Level 11.2 Armour
 - Level 10.4 Dodging
 - Level 6.1 Evocations


You had 14 spell levels left.
You didn't know any spells.
Your spell library was empty.

Dungeon Overview and Level Annotations

Branches:
Dungeon (13/15)            Temple (0/1) D:6            Lair (6/6) D:9
 Shoals (0/4) Lair:4       Spider (0/4) Lair:2        Slime (0/5) Lair:5
    Orc (2/2) D:12            Elf (1/3) Orc:2        Vaults (0/5) D:13
Gauntlet (visited)

Altars:
Elyvilon
Gozag
Kikubaaqudgha
Nemelex Xobeh
Ru
Sif Muna
Vehumet
Xom
The Shining One
Beogh
Jiyva

Shops:
D:1 ?*?[(   D:4 (   D:12 :   Orc:2 *=[*[

Annotations:
Orc:1 2 runed translucent doors, Segg's ghost, adept GnSk
Elf:1 Agnes


Innate Abilities, Weirdness & Mutations

You have a pair of horns on your head.
You reflexively headbutt those who attack you in melee.


Message History

Trog appreciates your killing of a magic user.
The deep elf pyromancer gestures wildly while chanting.
You barely miss the deep elf zephyrmancer.
You headbutt the deep elf zephyrmancer, but do no damage.
A deep elf demonologist comes into view.
It is wielding a +0 long sword and wearing a +1 ring mail of fire resistance.
You slash Agnes! You headbutt Agnes!
Agnes is moderately wounded.
You hit the deep elf zephyrmancer.
The deep elf zephyrmancer's magic leaks into the air.
Agnes hits you with a +2 lajatang of speed!!
Agnes hits you with a +2 lajatang of speed!
The deep elf zephyrmancer gestures at you while chanting.
The bolt of lightning hits you! You resist.
Agnes hits you with a +2 lajatang of speed.
The deep elf demonologist casts a spell.
The deep elf zephyrmancer gestures at you while chanting.
The bolt of lightning hits you! You resist.
You are too injured to fight recklessly!
You closely miss Agnes.
Agnes is moderately wounded.
You slice the deep elf zephyrmancer!!
The deep elf zephyrmancer's magic leaks into the air.
Agnes hits you with a +2 lajatang of speed!
Agnes closely misses you. Agnes barely misses you. You furiously retaliate!
You headbutt Agnes.
The deep elf demonologist gestures wildly while chanting.
The deep elf zephyrmancer hits you with a +0 long sword.
Agnes hits you with a +2 lajatang of speed!!
* * * LOW HITPOINT WARNING * * *
You are too injured to fight recklessly!
Unknown command.
You are too injured to fight recklessly!
Unknown command.
You slice Agnes!! Your headbutt misses Agnes.
Agnes is heavily wounded.
You miss the deep elf zephyrmancer.
Agnes hits you with a +2 lajatang of speed!!
* * * LOW HITPOINT WARNING * * *
Agnes hits you with a +2 lajatang of speed!!
You die...

**,,,,,,,,,,,,*** ##...## #....
,**,,,,⌠,,,,*** ##.....## ##.###
,,**,,,...,** ##.......###....#
,***,⌠,..⌠.* ##.........#......
,***,,,....#* #.................
***,,,,⌠.e..#* #.................
*,,,,,,,,....###.................
,,,,******#...##.................
,,,** #.○○##@#.......##......
,**********#.Eeie##.....####.....
**,,,,,*,**#.○E#####...## *#...#
******,,,,*##°## ##### #.### *
**,,,,,#e4# *****#.#..
*****,,,,,...## **,,,*#.,,,
,,,,,,,,,....* *****,***,*,,,,
*****,,*#$.e.*** *,,,,** **,,,,,
* **,,**##...,,** *,*,** **,,,,


You could see Agnes, a deep elf demonologist, an orange demon (summoned), 2 deep
elf pyromancers, a deep elf zephyrmancer and 2 fire elementals.

Vanquished Creatures
  Frances (D:12)
  A minotaur (Gauntlet)
  An entropy weaver (Gauntlet)
  Snorg (Orc:2)
  An ettin (Orc:1)
  3 fire dragons
  2 yaktaur captains
  A boulder beetle (Lair:4)
  A hydra (Lair:5)
  A tengu warrior (Gauntlet)
  A death scarab (Gauntlet)
  A two-headed ogre (D:12)
  Sonja (D:13)
  An unseen horror (D:12)
  A deep elf archer (Elf:1)
  2 lindwurms (Lair:6)
  4 orc knights (Orc:2)
  A deep elf pyromancer (D:12)
  4 cyclopes
  5 ugly things
  4 manticores
  14 elephants
  6 torpor snails (Lair:6)
  6 black mambas
  3 centaur zombies
  2 gargoyles
  26 cane toads
  4 rime drakes
  14 komodo dragons
  2 yaktaurs (D:13)
  A tengu conjurer (Gauntlet)
  6 hornets (Lair:6)
  2 polar bears
  7 trolls
  Grinder (D:6)
  3 tyrant leeches (Lair:6)
  5 slime creatures (D:13)
  13 blink frogs
  2 redbacks (Gauntlet)
  A water elemental (Elf:1)
  11 wyverns
  36 yaks
  6 basilisks
  A vampire mosquito (D:12)
  4 steam dragons
  7 wargs
  Edmund (D:4)
  2 acid dragons
  18 water moccasins
  5 sky beasts
  A spectral torpor snail (Gauntlet)
  41 orc warriors
  2 ice beasts
  A swamp drake (Lair:6)
  2 black bears
  11 wolves
  7 necrophages
  9 centaurs
  12 ogres
  A kobold brigand (D:10)
  2 phantoms
  Blork the orc (D:4)
  24 bullfrogs
  7 scorpions
  A wyvern skeleton (D:12)
  10 killer bees
  8 wights
  3 howler monkeys
  2 bullfrog zombies
  7 hounds
  5 jellies
  12 orc priests
  3 bullfrog skeletons
  7 centaur skeletons
  Natasha (thrice) (D:4)
  Terence (D:2)
  17 orc wizards
  6 worker ants
  A hound zombie (D:9)
  A hound skeleton (D:10)
  A howler monkey zombie (D:8)
  A worker ant zombie (D:6)
  11 adders
  14 gnolls
  A howler monkey skeleton (D:5)
  2 shadow imps
  A white imp (D:10)
  2 ufetubi
  An adder zombie (D:9)
  An adder skeleton (D:8)
  2 worms
  A dart slug (D:1)
  9 leopard geckos
  79 orcs
  A ball python (D:3)
  5 giant cockroaches
  3 goblins
  8 hobgoblins
  13 iguanas
  12 jackals
  13 kobolds
  7 quokkas
  9 bats
  5 frilled lizards
  A quokka skeleton (D:6)
  8 rats
666 creatures vanquished.

Vanquished Creatures (collateral kills)
  A swamp dragon (Lair:6)
  2 orc knights (Orc:2)
  An orc warrior (Orc:2)
4 creatures vanquished.

Vanquished Creatures (others)
  34 fungi
  90 plants
124 creatures vanquished.

Grand Total: 794 creatures vanquished

Notes
Turn   | Place    | Note
-------+----------+-------------------------------------------
     0 | D:1      | rjrrt the Minotaur Berserker began the quest for the Orb.
     0 | D:1      | Reached XP level 1. HP: 19/19 MP: 0/0
   204 | D:1      | Reached skill level 4 in Axes
   449 | D:1      | Reached XP level 2. HP: 26/26 MP: 1/1
   480 | D:1      | Found Ytotailo's General Store.
   554 | D:1      | Found Xom Faw's Weapon Shop.
   561 | D:1      | Found Evibboc's Magic Scroll Boutique.
   563 | D:1      | Found Ylauph's Armour Shoppe.
   926 | D:1      | Found Rorokaz's Magic Scroll Shop.
  1356 | D:2      | Noticed Terence
  1364 | D:2      | Killed Terence
  1365 | D:2      | Reached skill level 5 in Axes
  1365 | D:2      | Reached XP level 3. HP: 31/31 MP: 2/2
  1565 | D:2      | Reached skill level 6 in Axes
  1565 | D:2      | Reached XP level 4. HP: 39/39 MP: 3/3
  1740 | D:2      | Found a shimmering altar of Xom.
  1950 | D:2      | Reached ** piety under Trog
  2054 | D:2      | Reached skill level 7 in Axes
  2054 | D:2      | Reached XP level 5. HP: 35/45 MP: 4/4
  3180 | D:3      | Reached skill level 8 in Axes
  3387 | D:4      | Noticed Edmund
  3409 | D:4      | Killed Edmund
  3410 | D:4      | Reached XP level 6. HP: 52/52 MP: 5/5
  3521 | D:4      | Found Padall's Weapon Boutique.
  3584 | D:4      | Noticed Blork the orc
  3601 | D:4      | Killed Blork the orc
  3749 | D:4      | Reached XP level 7. HP: 44/59 MP: 6/6
  3917 | D:4      | Noticed Natasha
  3924 | D:4      | Killed Natasha
  4180 | D:4      | Noticed Natasha
  4185 | D:4      | Killed Natasha
  4185 | D:4      | Reached *** piety under Trog
  4294 | D:4      | Identified the Papyrus of the Supportive Traveller
  4331 | D:4      | Noticed Natasha
  4337 | D:4      | Killed Natasha
  4554 | D:1      | Bought a scroll of teleportation for 39 gold pieces
  4554 | D:1      | Bought a scroll of blinking for 97 gold pieces
  4554 | D:1      | Bought a scroll of identify for 26 gold pieces
  4782 | D:5      | Entered Level 5 of the Dungeon
  4929 | D:5      | Reached skill level 9 in Axes
  5144 | D:5      | Reached skill level 5 in Fighting
  5264 | D:5      | Found a white marble altar of Elyvilon.
  5634 | D:5      | Reached XP level 8. HP: 51/68 MP: 7/7
  5903 | D:5      | Reached skill level 1 in Evocations
  6045 | D:5      | Reached skill level 10 in Axes
  6164 | D:6      | Found a staircase to the Ecumenical Temple.
  6186 | D:6      | Reached skill level 5 in Armour
  6555 | D:6      | Reached skill level 5 in Dodging
  6617 | D:6      | Noticed Grinder
  6621 | D:6      | Reached **** piety under Trog
  6625 | D:6      | Reached XP level 9. HP: 64/75 MP: 8/8
  6645 | D:6      | Killed Grinder
  6646 | D:6      | Reached skill level 11 in Axes
  6681 | D:6      | Found a sparkling altar of Nemelex Xobeh.
  7821 | D:7      | Found an opulent altar of Gozag.
  7821 | D:7      | Found a shimmering blue altar of Sif Muna.
  8205 | D:1      | Bought a scroll of fog for 26 gold pieces
  8205 | D:1      | Bought a scroll of magic mapping for 45 gold pieces
  8205 | D:1      | Bought a scroll of random uselessness for 13 gold pieces
  8205 | D:1      | Bought a scroll of immolation for 45 gold pieces
  8418 | D:8      | Identified the +6 whip "Qag Que" {vorpal, *Rage rN++ Will+
                  | Dex+3}
  8616 | D:8      | Found a radiant altar of Vehumet.
  8658 | D:8      | Noticed a cyclops
  8659 | D:8      | Noticed a troll
  8667 | D:8      | Killed a troll
  8668 | D:8      | Reached skill level 12 in Axes
  8672 | D:8      | Killed a cyclops
  8673 | D:8      | Reached XP level 10. HP: 74/86 MP: 9/9
  9054 | D:8      | Found a large runed translucent door.
  9054 | D:8      | Found a large runed translucent door.
  9065 | D:8      | Noticed a fire dragon
  9116 | D:8      | Found a glowing golden altar of the Shining One.
  9583 | D:8      | Noticed a yaktaur captain
  9591 | D:8      | Killed a fire dragon
  9596 | D:8      | Killed a yaktaur captain
  9653 | D:8      | Found a sacrificial altar of Ru.
  9658 | D:8      | Found a glowing golden altar of the Shining One.
  9892 | D:1      | Bought a scroll of enchant armour for 97 gold pieces
 10136 | D:9      | Reached skill level 13 in Axes
 10136 | D:9      | Reached skill level 5 in Evocations
 10408 | D:9      | Reached ***** piety under Trog
 10836 | D:9      | Found a staircase to the Lair.
 11635 | D:10     | Entered Level 10 of the Dungeon
 11771 | D:10     | Reached XP level 11. HP: 94/95 MP: 10/10
 11999 | D:1      | Bought a scroll of enchant weapon for 97 gold pieces
 13116 | Lair:1   | Entered Level 1 of the Lair of Beasts
 13309 | Lair:1   | Reached skill level 14 in Axes
 13466 | Lair:1   | Found a shimmering blue altar of Sif Muna.
 14323 | Lair:1   | Reached skill level 10 in Fighting
 15035 | Lair:2   | Reached XP level 12. HP: 67/106 MP: 11/11
 15040 | Lair:2   | Received a gift from Trog
 15490 | Lair:2   | Reached skill level 15 in Axes
 15719 | Lair:2   | Reached skill level 10 in Armour
 16420 | Lair:2   | Found a hole to the Spider Nest.
 17916 | Lair:4   | Reached skill level 10 in Dodging
 17969 | Lair:4   | Reached skill level 16 in Axes
 18046 | Lair:4   | Noticed a boulder beetle
 18059 | Lair:4   | Killed a boulder beetle
 18695 | Lair:4   | Found a staircase to the Shoals.
 18728 | Lair:4   | Reached XP level 13. HP: 104/116 MP: 12/12
 19519 | Lair:5   | Received a gift from Trog
 19708 | Lair:5   | Found a viscous altar of Jiyva.
 19708 | Lair:5   | Found a staircase to the Slime Pits.
 20108 | Lair:6   | Entered Level 6 of the Lair of Beasts
 20125 | Lair:6   | Reached skill level 17 in Axes
 21067 | Lair:6   | Reached skill level 18 in Axes
 21358 | Lair:6   | Identified a scroll of acquirement
 21358 | Lair:6   | Acquired the +7 executioner's axe of Battle {antimagic,
                  | rElec Dex+2}
 21537 | Lair:6   | Found a runed translucent door.
 21538 | Lair:6   | Noticed a fire dragon
 21761 | Lair:6   | Reached skill level 19 in Axes
 21763 | Lair:6   | Paralysed by a hornet for 2 turns
 22077 | Lair:6   | Killed a fire dragon
 22078 | Lair:6   | Reached XP level 14. HP: 124/124 MP: 13/13
 23590 | D:11     | Reached skill level 20 in Axes
 23657 | D:11     | Found an ancient bone altar of Kikubaaqudgha.
 24291 | D:12     | Found Uvidgheh's Book Shoppe.
 24404 | D:12     | Noticed Frances
 24424 | D:12     | Killed Frances
 24477 | D:12     | Found a staircase to the Orcish Mines.
 24615 | D:12     | Received a gift from Trog
 24829 | D:12     | Reached skill level 21 in Axes
 25336 | D:13     | Found a gate leading to a gauntlet.
 25369 | Gauntlet | Entered a Gauntlet
 25369 | Gauntlet | Found a transporter.
 25374 | Gauntlet | Found a transporter.
 25376 | Gauntlet | Found a transporter.
 25394 | Gauntlet | Found a transporter.
 25412 | Gauntlet | Found a transporter.
 25414 | Gauntlet | Found a transporter.
 25429 | Gauntlet | Found a transporter.
 25449 | Gauntlet | Found a transporter.
 25456 | Gauntlet | Found a transporter.
 25466 | Gauntlet | Found a transporter.
 25471 | Gauntlet | Found a transporter.
 25473 | Gauntlet | Found a transporter.
 25668 | Gauntlet | Found a transporter.
 25822 | Gauntlet | Identified the -7 hat "Ijierch" {rPois rC++ Str+4 Dex-5}
 25869 | Gauntlet | Identified the Reference Book on Fetching Clay
 25869 | Gauntlet | Identified the +6 dagger of a volcano {drain, rN+}
 25953 | D:13     | Noticed Sonja
 25957 | D:13     | Killed Sonja
 26035 | D:13     | Found a gate to the Vaults.
 26139 | Orc:1    | Entered Level 1 of the Orcish Mines
 26141 | Orc:1    | Received a gift from Trog
 26150 | Orc:1    | Reached skill level 22 in Axes
 26235 | Orc:1    | Found a large runed translucent door.
 26236 | Orc:1    | Found a large runed translucent door.
 26239 | Orc:1    | Noticed Segg's ghost (adept GnSk)
 26377 | Orc:2    | Entered Level 2 of the Orcish Mines
 26962 | Orc:2    | Noticed Snorg
 26973 | Orc:2    | Killed Snorg
 27046 | Orc:2    | Reached XP level 15. HP: 130/130 MP: 4/14
 27060 | Orc:2    | Found Gounel's Assorted Antiques.
 27081 | Orc:2    | Bought a scroll of blinking for 240 gold pieces
 27081 | Orc:2    | Bought a potion of curing for 96 gold pieces
 27081 | Orc:2    | Bought a scroll of fear for 112 gold pieces
 27447 | Orc:2    | Found Jureum's Armour Boutique.
 27447 | Orc:2    | Found Dyempafi's Jewellery Shoppe.
 27451 | Orc:2    | Received a gift from Trog
 27459 | Orc:2    | Bought the ring of Xymaa {rC+ EV+4 Dex+4} for 759 gold
                  | pieces
 27718 | Orc:2    | Found a staircase to the Elven Halls.
 27782 | Orc:2    | Found Cukliluz's Armour Boutique.
 27782 | Orc:2    | Found Ihubbypn's General Store.
 27814 | Orc:2    | Bought a +2 hat for 240 gold pieces
 27842 | Orc:2    | Bought a potion of heal wounds for 90 gold pieces
 27842 | Orc:2    | Bought a potion of haste for 180 gold pieces
 28214 | Elf:1    | Entered Level 1 of the Elven Halls
 28272 | Elf:1    | Noticed Agnes
 28277 | Elf:1    | HP: 5/130 [Agnes/+2 lajatang of speed (21)]
 28277 | Elf:1    | Demolished by Agnes

Illustrated notes

Levels and vault maps discovered:
D:1:      noname_arrival_rooms_in_the_neighbourhood, layout_loops_corners,
          serial_shops, shop_fountains, shop, shop, shop, nicolae_shop_crystal
D:2:      layout_basic, dk_xom_monty_hall, uniq_terence
D:3:      layout_loops_cross
D:4:      layout_basic, serial_shops, shop, kennysheep_generic_room_3,
          uniq_edmund, uniq_natasha, uniq_blork_the_orc
D:5:      layout_basic, elyvilon_altar_5
D:6:      layout_cave_pools, temple_fountains, basic_altar, uniq_grinder
D:7:      layout_loops_ring, gammafunk_temple_overflow_pools
D:8:      layout_basic, lemuel_crystal_altar, vehumet_crystals,
          jmf_multi_god_temple2
D:9:      layout_layer_cave, erik_lair_orcish_takeover
D:10:     layout_rooms, serial_glass, glass_columns_a, glass_columns_b
D:11:     layout_loops_ring, basic_altar
D:12:     layout_roguey, orc_0_dummy, serial_shops, shop, kennysheep_kite_vault,
          uniq_frances
D:13:     layout_rooms, david_vaults_2, basic_altar, gauntlet_entry_generic,
          amcnicky_mini_rare_corridor_liquid, uniq_sonja
Lair:1:   layout_cellular_growth, basic_altar, serial_bayou_shore_a,
          grunt_megastairs_3
Lair:2:   layout_concentric_octagons, spider_nest_entry_web_field,
          wad_woods_road_02, beast_lair_carwin_7
Lair:3:   layout_gridlike, grunt_megastairs_2, lemuel_fruit_tree
Lair:4:   layout_gridlike, shoals_dummy_entry, roderic_carrion_pond,
          grunt_megastairs_5
Lair:5:   layout_small_grid, slime_altar_1, grunt_megastairs_1
Lair:6:   wormcave, layout_small_grid, guppyfry_lair_end_dragon
Orc:1:    layout_caves, ebering_ghost_disaster_area
Orc:2:    st_orc_town, layout_diamond_mine, serial_shops,
          nicolae_shop_overgrown_old_shop, mines2_lemuel, uniq_snorg
Elf:1:    layout_loops_corners, portal_ice_cave_entry_pillars_three,
          minmay_elf_demonology, grunt_megastairs_4, uniq_agnes

Skill      XL: |  1  2  3  4  5  6  7  8  9 10 11 12 13 14 |
---------------+-------------------------------------------+-----
Axes           | 4 5 6 7 8 9 10 12 13 14 16 19 22 | 22.7
Fighting       | 4 5 6 7 8 10 11 | 11.6
Armour         | 3 4 5 7 8 9 11 | 11.2
Dodging        | 3 4 5 6 7 8 10 | 10.4
Evocations     | 2 4 5 6 |  6.1

Action                   |  1- 3 |  4- 6 |  7- 9 | 10-12 | 13-15 || total
-------------------------+-------+-------+-------+-------+-------++-------
Melee: Hand axe          |    56 |   111 |       |       |       ||   167
       Headbutt          |     8 |    21 |    60 |   173 |   211 ||   473
       War axe           |       |     5 |   273 |   245 |       ||   523
       Battleaxe         |       |       |       |   318 |   319 ||   637
       Flail             |       |       |       |       |    16 ||    16
       Executioner's axe |       |       |       |       |   421 ||   421
Throw: Boomerang         |       |       |       |       |     1 ||     1
Invok: Berserk           |     1 |     2 |     4 |     5 |    11 ||    23
       Trog's Hand       |       |       |     1 |     1 |       ||     2
       Brothers in Arms  |       |       |       |     1 |     2 ||     3
  Use: Scroll            |       |       |     4 |    10 |     8 ||    22
 Stab: Sleeping          |     1 |       |       |       |       ||     1
Armor: Animal skin       |     4 |       |       |       |       ||     4
       Leather armour    |     5 |       |       |       |       ||     5
       Scale mail        |     4 |       |       |       |       ||     4
       Chain mail        |     1 |    52 |    89 |       |       ||   142
       Plate armour      |       |       |    40 |   262 |   402 ||   704
Dodge: Dodged            |    34 |    42 |   126 |   264 |   435 ||   901

Table legend: (Time is in decaauts)
 A = Elapsed time spent in this place.
 B = Non-inter-level travel time spent in this place.
 C = Inter-level travel time spent in this place.
 D = Time resting spent in this place.
 E = Time spent auto-exploring this place.
 F = Levels seen in this place.
 G = Mean time per level.
                   A        B        C        D        E       F      G
               +--------+--------+--------+--------+--------+-----+--------+
         Total |  28444 |  26041 |   2403 |   4870 |  14755 |  23 | 1236.7 |
       Dungeon |  15452 |  13327 |   2125 |   1308 |   9224 |  13 | 1188.6 |
          Lair |  10291 |  10052 |    239 |   3329 |   4618 |   6 | 1715.2 |
  Orcish Mines |   2068 |   2030 |     38 |     71 |    913 |   2 | 1034.0 |
   Elven Halls |     63 |     63 |      0 |      4 |      0 |   1 |   63.0 |
      Gauntlet |    567 |    567 |      0 |    157 |      0 |   1 |  567.0 |
               +--------+--------+--------+--------+--------+-----+--------+

Top non-repeatable levels by time:
  Lair:6: 2585 daAuts
  Lair:2: 1993 daAuts
     D:1: 1800 daAuts
     D:8: 1689 daAuts
  Lair:4: 1686 daAuts
  Lair:1: 1678 daAuts
     D:5: 1600 daAuts
  Lair:5: 1589 daAuts
   Orc:2: 1476 daAuts
     D:9: 1428 daAuts
     D:2: 1384 daAuts
     D:4: 1280 daAuts
     D:7: 1123 daAuts
    D:12: 1074 daAuts
     D:3: 1028 daAuts
